 Dungeon Crawl Stone Soup version 0.28-a0-1038-g9c4cb8273d (webtiles) character file.

Game seed: 4871427610934549225

102 Decritt the Skirmisher (level 4, -2/33 (41) HPs)
             Began as a Minotaur Fighter on Dec 8, 2021.
             Slain by Edmund (4 damage)
             ... on level 3 of the Dungeon.
             The game lasted 00:06:21 (2802 turns).

Decritt the Skirmisher (Minotaur Fighter)           Turns: 2802, Time: 00:06:21

HP:   -2/33 (41)    AC:  9    Str: 23    XL:     4   Next: 49%
MP:   3/3           EV:  8    Int:  5    God:
Gold: 73            SH:  4    Dex:  9    Spells: 3/3 levels left

rFire   . . .      SeeInvis .   a - +0 war axe
rCold   . . .      Faith    .   c - +0 buckler
rNeg    . . .      Spirit   .   k - +0 chain mail
rPois   .          Reflect  .   (helmet restricted)
rElec   .          Harm     .   h - scarf {repulsion}
rCorr   .          Rampage  .   (no gloves)
Will    .....                   (no boots)
Stlth   ..........              (no amulet)
HPRegen 0.11/turn               (no ring)
MPRegen 0.08/turn               (no ring)

@: mighty, heavily drained, repel missiles
A: horns 2, retaliatory headbutt
a: no special abilities


You were on level 3 of the Dungeon.
You visited 1 branch of the dungeon, and saw 4 of its levels.

You collected 73 gold pieces.

Inventory:

Hand Weapons
 a - a +0 war axe (weapon)
Armour
 b - a +0 scale mail
 c - a +0 buckler (worn)
 h - a scarf of repulsion (worn)
 k - a +0 chain mail (worn)
Jewellery
 l - a ring of protection from fire
Scrolls
 e - 2 scrolls of enchant armour {unknown}
 f - a scroll of fear {unknown}
 g - 4 scrolls of teleportation {unknown}
 j - 3 scrolls of identify {unknown}
 n - 2 scrolls of fog {unknown}
 q - a scroll of enchant weapon {unknown}
Potions
 i - a potion of brilliance {unknown}
 m - 2 potions of curing {unknown}
 o - a potion of heal wounds {unknown}
 p - a potion of degeneration {unknown}


   Skills:
 * Level 4.6 Fighting
 * Level 3.7 Axes
 + Level 4.3 Armour
 + Level 4.2 Shields


You had 3 spell levels left.
You didn't know any spells.
Your spell library contained the following spells:

 Spells                   Type           Power      Damage    Failure   Level
 Sublimation of Blood     Necr           0%         N/A       99%         2
 Petrify                  Tmut/Erth      0%         N/A       100%        4
 Irradiate                Conj/Tmut      0%         3d14      100%        5


Dungeon Overview and Level Annotations

Branches:
Dungeon (4/15)
 Temple: D:4-7

Altars:

Annotations:
D:3 Edmund


Innate Abilities, Weirdness & Mutations

You have a pair of horns on your head.
You reflexively headbutt those who attack you in melee.


Message History

Edmund is nearby!
A jackal comes into view.
Edmund hits you with a +1 flail of draining!
You feel drained.
You barely miss Edmund.
A jackal comes into view.
You block Edmund's attack.
You barely miss Edmund.
The jackal barks!
A jackal comes into view.
Edmund hits you with a +1 flail of draining!
You feel drained.
* * * LOW HITPOINT WARNING * * *
There is a stone staircase leading up here.
There are no items here.
Unknown command.
The jackal barks!
Edmund hits you with a +1 flail of draining!
* * * LOW HITPOINT WARNING * * *
You feel drained.
* * * LOW HITPOINT WARNING * * *
You climb upwards.
There is a stone staircase leading down here.
You feel very mighty all of a sudden.
Edmund hits you with a +1 flail of draining.
* * * LOW HITPOINT WARNING * * *
You feel drained.
You slash Edmund!
Edmund is moderately wounded.
You block Edmund's attack.
You barely miss Edmund. Your headbutt misses Edmund.
Edmund is moderately wounded.
Edmund hits you but does no damage.
You feel drained. You block Edmund's attack.
You hit Edmund.
Edmund is moderately wounded.
Edmund hits you with a +1 flail of draining!
* * * LOW HITPOINT WARNING * * *
You feel drained.
You die...

#......# ##.###### #(......#
#.......# #######
##.......###......
###########............#####
######..................#####
.......##########@......##
.####### ##.....@........###
.....#####..#####.....(....# ##
####....##.## #.......##.## #.
######....# ##########..# #.
##........####### ##.# ##.
#..######......<# ###### #.# #..
#.## #######.###.)..## #.###.#
..### #..##)))))♣♣.≈♣##.....#
....#######..######.♣♣.≈♣#....###


You could see Edmund.

Vanquished Creatures
  Robin (D:3)
  2 adders
  A shadow imp (D:3)
  A worm (D:2)
  3 bats
  5 endoplasms
  4 giant cockroaches
  16 goblins
  6 hobgoblins
  5 kobolds
  3 quokkas (D:1)
  A ball python (D:3)
  5 frilled lizards
  4 rats
57 creatures vanquished.

Vanquished Creatures (others)
  3 plants (D:3)
3 creatures vanquished.

Grand Total: 60 creatures vanquished

Notes
Turn   | Place    | Note
-------+----------+-------------------------------------------
     0 | D:1      | Decritt the Minotaur Fighter began the quest for the Orb.
     0 | D:1      | Reached XP level 1. HP: 19/19 MP: 0/0
   239 | D:1      | Reached XP level 2. HP: 27/27 MP: 1/1
   594 | D:1      | Found a faded altar of an unknown god.
  1080 | D:2      | Reached XP level 3. HP: 32/33 MP: 2/2
  1941 | D:3      | Reached XP level 4. HP: 28/41 MP: 3/3
  2164 | D:3      | Noticed Robin
  2181 | D:3      | Killed Robin
  2790 | D:4      | Noticed Edmund
  2802 | D:3      | Slain by Edmund

Illustrated notes

Levels and vault maps discovered:
D:1:      dpeg_arrival_round_b, layout_loops_ring,
          chequers_ecumenical_altar_simple_redux
D:2:      kennysheep_big_flooded_room, layout_loops_corners
D:3:      layout_rooms, serial_bayou, serial_bayou_shore_b, serial_bayou_pond_c,
          serial_bayou_ford_a, serial_bayou_crossing, uniq_robin
D:4:      layout_gridville, uniq_edmund, uniq_pikel

Skill      XL: |  1  2 |
---------------+-------+-----
Shields        | 4 |  4.2
Armour         | 4 |  4.3
Fighting       | 4 |  4.6
Axes           | 3 |  3.7

Action                   |  1- 3 |  4- 6 || total
-------------------------+-------+-------++-------
Melee: War axe           |    80 |    39 ||   119
       Headbutt          |    14 |     4 ||    18
  Use: Potion            |       |     1 ||     1
Armor: Scale mail        |    19 |       ||    19
       Chain mail        |    21 |    19 ||    40
Dodge: Dodged            |    28 |    14 ||    42
Block: Buckler           |    17 |    14 ||    31

Table legend: (Time is in decaauts)
 A = Elapsed time spent in this place.
 B = Non-inter-level travel time spent in this place.
 C = Inter-level travel time spent in this place.
 D = Time resting spent in this place.
 E = Time spent auto-exploring this place.
 F = Levels seen in this place.
 G = Mean time per level.
                   A        B        C        D        E       F      G
               +--------+--------+--------+--------+--------+-----+--------+
         Total |   2862 |   2774 |     88 |    404 |   1987 |   4 |  715.5 |
       Dungeon |   2862 |   2774 |     88 |    404 |   1987 |   4 |  715.5 |
               +--------+--------+--------+--------+--------+-----+--------+

Top non-repeatable levels by time:
     D:3: 1113 daAuts
     D:1: 884 daAuts
     D:2: 856 daAuts
     D:4: 8 daAuts
